 Dungeon Crawl Stone Soup version 0.31-a0-692-gf03d1854d5 (webtiles) character file.

Game seed: 16600000618386316637

1432 Conn the Magician (level 8, -5/54 HPs)
             Began as an Octopode Fire Elementalist on Sept 7, 2023.
             Succumbed to a scorpion's poison
             ... on level 5 of the Dungeon.
             The game lasted 00:10:49 (5240 turns).

Conn the Magician (Octopode Fire Elementalist)      Turns: 5240, Time: 00:10:50

Health: -5/54      AC:  1    Str:  8    XL:     8   Next: 73%
Magic:  10/15      EV: 14    Int: 19    God:
Gold:   156        SH:  0    Dex: 12    Spells: 6/16 levels left

rFire   . . .        j - +9 hand axe "Eto Ila" {vamp, rElec Will+ Stlth+}
rCold   . . .        (no shield)
rNeg    . . .        (helmet restricted)
rPois   .            n - amulet of the acrobat
rElec   +            (no ring)
rCorr   .            (no ring)
SInv    .            (no ring)
Will    +....        (no ring)
Stlth   ++++         (no ring)
HPRegen 0.29/turn    (no ring)
MPRegen 0.14/turn    (no ring)
                     (no ring)

%: acrobat
@: brilliant, lethally poisoned (-5 -> -34), very slightly contaminated
A: almost no armour, amphibious, 8 rings, camouflage 1, gelatinous body 1,
(nimble swimmer 1), tentacles
a: no special abilities


You were on level 5 of the Dungeon.
You visited 1 branch of the dungeon, and saw 5 of its levels.
You also visited: Sewer.

You collected 156 gold pieces.

Inventory:

Hand Weapons
 b - a +0 short sword
 c - a +2 dagger of protection
 j - the +9 hand axe "Eto Ila" (weapon) {vamp, rElec Will+ Stlth+}
   (You took it off an orc on level 2 of the Dungeon)

   rElec:     It insulates you from electricity.
   Will+:     It increases your willpower.
   Stlth+:    It makes you more stealthy.
Missiles
 p - 2 curare-tipped darts
Jewellery
 n - an amulet of the acrobat (around mantle)
Scrolls
 d - 2 scrolls of torment
 h - 3 scrolls of teleportation
 k - 3 scrolls of amnesia
 l - a scroll of brand weapon
 o - 3 scrolls of butterflies {unknown}
 q - 2 scrolls of fog
 r - a scroll of identify
Potions
 a - a potion of magic
 f - a potion of might
 g - a potion of enlightenment {unknown}
 i - a potion of ambrosia {unknown}
 m - a potion of haste


   Skills:
 * Level 4.2 Fighting
 * Level 3.3 Axes
 + Level 3.9 Dodging
 - Level 4.1 Stealth
 * Level 4.8 Spellcasting
 * Level 4.8 Conjurations
 + Level 4.5 Fire Magic


You had 6 spell levels left.
You knew the following spells:

 Your Spells              Type           Power      Damage    Failure   Level
a - Foxfire               Conj/Fire      100%       2x1d9     1%          1
b - Scorch                Fire           64%        2d7       3%          2
c - Inner Flame           Hex/Fire       19%        N/A       16%         3
d - Flame Wave            Conj/Fire      33%        2d10      19%         4

Your spell library contained the following spells:

 Spells                   Type           Power      Damage    Failure   Level
 Apportation              Tloc           12%        N/A       13%         1
 Necrotise                Necr           24%        1d5       13%         1
 Summon Small Mammal      Summ           24%        N/A       13%         1
 Volatile Blastmotes      Fire/Tloc      38%        2d13      16%         3
 Call Canine Familiar     Summ           6%         N/A       36%         3
 Portal Projectile        Hex/Tloc       12%        N/A       36%         3
 Fulminant Prism          Conj/Hex       10%        3d9       43%         4
 Iskenderun's Mystic Bla  Conj/Tloc      20%        2d6       43%         4
 Leda's Liquefaction      Hex/Erth       3%         N/A       77%         4
 Conjure Ball Lightning   Conj/Air       10%        3x3d6     100%        6
 Discord                  Hex            3%         N/A       100%        8
 Disjunction              Tloc           3%         N/A       100%        8


Dungeon Overview and Level Annotations

Branches:
Dungeon (5/15)              Sewer (visited)
 Temple: D:4-7

Altars:
Gozag
Yredelemnul

Annotations:
D:5 3 runed translucent doors, UrugIsMale's ghost, novice DgGl


Innate Abilities, Weirdness & Mutations

You cannot wear most types of armour.
You are amphibious.
You can wear up to eight rings at the same time.
Your skin changes colour to match your surroundings (Stealth+).
Your rubbery body absorbs attacks. (AC +1, EV +1)
((You are camouflaged when in or above water. (Stealth+)))
You have tentacles for arms and can constrict up to eight enemies at once.


Message History

You slash the black bear!
You feel better.
The black bear is severely wounded.
You barely miss the adder. You hit the scorpion.
You feel better.
You hit the scorpion but do no damage. You constrict the scorpion.
You constrict the black bear.
You feel very sick.
The black bear goes berserk!
The scorpion stings you. The scorpion stings you! The adder bites you.
You are more poisoned.
The adder poisons you!
Unknown command.
Unknown command.
Unknown command.
You hit the black bear.
You feel better.
You squeeze the black bear, but do no damage.
The black bear is almost dead.
You hit the scorpion. x2; You feel better.
You hit the adder.
You feel better.
You kill the adder!
You constrict the scorpion, but do no damage.
You constrict the black bear.
You kill the black bear!
You feel very sick. The scorpion stings you.
* * * LOW HITPOINT WARNING * * *
You are lethally poisoned!
The scorpion poisons you! The scorpion stings you!
* * * LOW HITPOINT WARNING * * *
You are more poisoned.
The scorpion poisons you! The scorpion stings you!
* * * LOW HITPOINT WARNING * * *
The scorpion completely misses you.
Unknown command.
Okay, then.
Okay, then.
Unknown command.
It was a potion of brilliance.
You feel clever all of a sudden.
You constrict the scorpion.
You kill the scorpion!
You die...

#..._$..#.##...##
#8..8..8#.###.###
#∩.$..$O#.# #.# #
###∩8∩8.##.# #.# #
###.#######..# #.# #
#####.... #######.###
#.......# ##..........
#.....†.#####...####.###
<......@'.............##
#.....s.#####...####....
#.......# #...# #...#
........# #...# #...#
........# ##### #...#
....8..<# #....
........# ##...
..>.....# #..# .....#


You could see a scorpion.

Vanquished Creatures
  Sigmund (D:3)
  3 black bears
  An ogre (D:5)
  2 phantoms
  4 kobold brigands (Sewer)
  A scorpion (D:5)
  2 jellies (D:5)
  3 hounds (D:5)
  An orc priest (D:3)
  An iguana (D:4)
  Terence (D:2)
  17 adders
  A shadow imp (D:5)
  An ufetubus (D:5)
  6 worms
  8 orcs
  8 ball pythons
  7 endoplasms
  3 giant cockroaches (D:2)
  8 goblins
  6 hobgoblins
  6 quokkas
  6 bats
  2 frilled lizards (D:1)
  10 kobolds
  5 rats
114 creatures vanquished.

Vanquished Creatures (collateral kills)
  A foxfire (D:3)
1 creature vanquished.

Vanquished Creatures (others)
  263 foxfires
263 creatures vanquished.

Grand Total: 378 creatures vanquished

Notes
Turn   | Place    | Note
-------+----------+-------------------------------------------
     0 | D:1      | Conn the Octopode Fire Elementalist began the quest for the
                  | Orb.
     0 | D:1      | Reached XP level 1. HP: 11/11 MP: 3/3
   157 | D:1      | Reached XP level 2. HP: 12/17 MP: 0/5
   692 | D:1      | Reached XP level 3. HP: 21/21 MP: 2/6
   695 | D:1      | Learned a level 2 spell: Scorch
   699 | D:1      | Learned a level 3 spell: Inner Flame
   740 | D:2      | Noticed Terence
   909 | D:2      | Killed Terence
   910 | D:2      | Reached XP level 4. HP: 27/27 MP: 0/7
  1382 | D:2      | Identified the +9 hand axe "Eto Ila" {vamp, rElec Will+
                  | Stlth+}
  1440 | D:2      | Reached skill level 1 in Fighting
  1898 | D:3      | Noticed Sigmund
  1905 | D:3      | Killed Sigmund
  1906 | D:3      | Reached XP level 5. HP: 23/33 MP: 1/9
  1906 | D:3      | Reached XP level 6. HP: 27/38 MP: 1/10
  2190 | D:3      | Found a basalt altar of Yredelemnul.
  2314 | D:3      | Learned a level 4 spell: Flame Wave
  3156 | D:4      | Noticed a black bear
  3165 | D:4      | Killed a black bear
  3166 | D:4      | Reached skill level 1 in Axes
  3166 | D:4      | Reached XP level 7. HP: 45/45 MP: 3/12
  3759 | D:5      | Entered Level 5 of the Dungeon
  3781 | D:5      | Found a glowing drain.
  3792 | Sewer    | Entered a sewer
  4099 | Sewer    | Reached XP level 8. HP: 52/52 MP: 8/14
  4805 | D:5      | Found a runed translucent gate.
  4805 | D:5      | Found an opulent altar of Gozag.
  4807 | D:5      | Found a runed translucent gate.
  4807 | D:5      | Found a runed translucent gate.
  4811 | D:5      | Noticed UrugIsMale's ghost (novice DgGl)
  5239 | D:5      | HP: 1/54 [scorpion (7)]
  5240 | D:5      | Succumbed to a scorpion's poison

Illustrated notes

Levels and vault maps discovered:
D:1:      psy_arrival_dodecagon, layout_rooms
D:2:      layout_basic, uniq_terence
D:3:      layout_loops_corners, yredelemnul_altar_generic, st_stairs_11,
          minivault_14, uniq_sigmund
D:4:      layout_loops_ring, minmay_misc_feat_tiny,
          chequers_serial_rivers_small_b
D:5:      layout_basic, portal_sewer_entry_d, ebering_ghost_gozag, st_stairs_1

Skill      XL: |  1  2  3  4  5  6  7  8 |
---------------+-------------------------+-----
Stealth        | 3 4 |  4.1
Conjurations   | 2 3 4 |  4.8
Fighting       | 1 2 3 4 |  4.2
Spellcasting   | 3 4 |  4.8
Dodging        | 3 |  3.9
Axes           | 1 2 3 |  3.3
Fire Magic     | 4 |  4.5

Action                     |  1- 3 |  4- 6 |  7- 9 || total
---------------------------+-------+-------+-------++-------
  Melee: Constrict         |     8 |     5 |     7 ||    20
         Unarmed           |     2 |       |       ||     2
         Tentacles         |     7 |     2 |    11 ||    20
         Dagger            |    25 |     2 |       ||    27
         Short sword       |     1 |       |       ||     1
         Hand axe          |       |    25 |    32 ||    57
   Cast: Foxfire           |    22 |    56 |    84 ||   162
         Inner Flame       |     2 |       |       ||     2
         Scorch            |       |     8 |     5 ||    13
    Use: Scroll            |     1 |     2 |     4 ||     7
         Potion            |       |       |     3 ||     3
   Stab: Sleeping          |     6 |     6 |     3 ||    15
 Armour: Skin              |    22 |    10 |    33 ||    65
  Dodge: Dodged            |    17 |    16 |    37 ||    70

Table legend: (Time is in decaauts)
 A = Elapsed time spent in this place.
 B = Non-inter-level travel time spent in this place.
 C = Inter-level travel time spent in this place.
 D = Time resting spent in this place.
 E = Time spent auto-exploring this place.
 F = Levels seen in this place.
 G = Mean time per level.
                   A        B        C        D        E       F      G
               +--------+--------+--------+--------+--------+-----+--------+
         Total |   5238 |   5172 |     66 |     48 |   3849 |   6 |  873.0 |
       Dungeon |   4255 |   4189 |     66 |     48 |   3155 |   5 |  851.0 |
         Sewer |    983 |    983 |      0 |      0 |    694 |   1 |  983.0 |
               +--------+--------+--------+--------+--------+-----+--------+

Top non-repeatable levels by time:
     D:3: 1023 daAuts
   Sewer: 983 daAuts
     D:2: 965 daAuts
     D:4: 953 daAuts
     D:1: 820 daAuts
     D:5: 492 daAuts
